 Dungeon Crawl Stone Soup version 0.29-a0-270-g1586fc07ea (webtiles) character file.

Game seed: 4064478817429757392

51 enile the Skirmisher (level 3, -3/30 HPs)
             Began as a Barachi Warper on Mar 8, 2022.
             Shot with a sling bullet by a goblin (6 damage)
             ... on level 2 of the Dungeon.
             The game lasted 00:01:54 (1628 turns).

enile the Skirmisher (Barachi Warper)               Turns: 1628, Time: 00:01:55

Health: -3/30      AC:  3    Str: 14    XL:     3   Next: 81%
Magic:  6/6        EV: 11    Int: 13    God:
Gold:   25         SH:  0    Dex: 11    Spells: 1/6 levels left

rFire   . . .      SeeInvis .   p - +1 dagger (venom)
rCold   . . .      Faith    .   (no shield)
rNeg    . . .      Spirit   .   b - +0 leather armour
rPois   .          Reflect  .   (no helmet)
rElec   .          Harm     .   (no cloak)
rCorr   .          Rampage  .   (no gloves)
Will    .....                   (no boots)
Stlth   +.........              (no amulet)
HPRegen 0.10/turn               (no ring)
MPRegen 0.10/turn               (no ring)

@: slow
A: amphibious, slowness 1, strong legs 1, +LOS
a: Hop


You were on level 2 of the Dungeon.
You visited 1 branch of the dungeon, and saw 2 of its levels.

You collected 51 gold pieces.
You spent 26 gold pieces at shops.

Inventory:

Hand Weapons
 a - a +0 falchion
 p - a +1 dagger of venom (weapon)
Missiles
 d - 6 boomerangs of dispersal (quivered)
 m - 2 poisoned darts
Armour
 b - a +0 leather armour (worn)
Scrolls
 c - a scroll of blinking
 h - a scroll of magic mapping {unknown}
 i - a scroll of amnesia {unknown}
 j - a scroll of torment {unknown}
 k - a scroll of fog
 l - a scroll of identify {unknown}
Potions
 f - 2 potions of heal wounds {unknown}
 g - a potion of invisibility {unknown}
 n - 2 potions of curing {unknown}
 o - a potion of magic {unknown}


   Skills:
 - Level 4.0 Fighting
 + Level 3.7 Long Blades
 - Level 1.0 Throwing
 - Level 1.2 Armour
 - Level 2.1 Dodging
 - Level 2.1 Spellcasting
 - Level 3.2 Translocations


You had one spell level left.
You knew the following spells:

 Your Spells              Type           Power      Damage    Failure   Level
a - Blink                 Tloc           18%        N/A       12%         2
b - Teleport Other        Tloc           9%         N/A       24%         3

Your spell library contained the following spells:

 Spells                   Type           Power      Damage    Failure   Level
 Gell's Gravitas          Tloc           9%         N/A       24%         3
 Lesser Beckoning         Tloc           9%         N/A       24%         3
 Static Discharge         Conj/Air       1%         N/A       43%         2
 Manifold Assault         Tloc           9%         N/A       91%         5
 Lightning Bolt           Conj/Air       0%         1d11      100%        5
 Maxwell's Capacitive Co  Air            0%         ∞         100%        8


Dungeon Overview and Level Annotations

Branches:
Dungeon (2/15)

Altars:

Shops:
D:1 ?


Innate Abilities, Weirdness & Mutations

You are amphibious.
You cover ground slowly.
You can hop short distances.
You have an extended range of vision and can be seen from far away.


Message History

The jackal closely misses you. The jackal barely misses you.
You hit the jackal.
You kill the jackal!
You hit the ball python.
You kill the ball python!
You completely miss the jackal. The jackal barely misses you.
You hit the jackal.
The jackal is poisoned.
The jackal is almost dead.
The jackal barely misses you.
You hit the jackal.
The jackal is severely wounded.
You kill the jackal!
You hit the jackal but do no damage.
The jackal is poisoned.
The jackal is severely wounded.
You kill the jackal!
A goblin comes into view. It is wielding a +0 dagger.
The goblin shouts!
The goblin unwields a +0 dagger.
The goblin wields a +0 hunting sling.
The goblin shoots a sling bullet.
The sling bullet hits you. The worm bites you!
Things that are here:
a jackal corpse; a ball python corpse; a jackal corpse Unknown command.
Unknown command.
The worm attacks as you move away! The worm bites you.
You see here 21 stones.
The goblin shoots a sling bullet.
The sling bullet hits you.
* * * LOW HITPOINT WARNING * * *
The goblin shoots a sling bullet.
The sling bullet completely misses you.
The goblin shoots a sling bullet.
The sling bullet hits you.
* * * LOW HITPOINT WARNING * * *
You see here an adder corpse.
The goblin shoots a sling bullet.
The sling bullet barely misses you.
Throw: 7 boomerangs (disperse)
Press: ? - help, Q - select action, (/) - cycle Shift-Dir - straight line, f - goblin
Aim: a goblin, wielding a +0 hunting sling (50% to hit)
You throw a boomerang of dispersal.
The boomerang of dispersal barely misses the goblin.
The goblin shoots a sling bullet.
The sling bullet hits you.
You die...

####### ###### #.....#
#....### #.....#
#......###### #.....#
####....#@...g.#####.....#
#.......######.#..........
#.......###....†...w.....#
#...)....#..########......
#..........## #.....#
#..........# #######
########...## #.#).#
#.#.†####


You could see a goblin.

Vanquished Creatures
  2 adders (D:2)
  2 dart slugs
  An endoplasm (D:1)
  4 giant cockroaches
  5 goblins
  A hobgoblin (D:1)
  4 jackals (D:2)
  4 ball pythons
  3 frilled lizards
  2 rats
28 creatures vanquished.

Notes
Turn   | Place    | Note
-------+----------+-------------------------------------------
     0 | D:1      | enile the Barachi Warper began the quest for the Orb.
     0 | D:1      | Reached XP level 1. HP: 17/17 MP: 3/3
   193 | D:1      | Reached skill level 3 in Fighting
   433 | D:1      | Reached XP level 2. HP: 24/24 MP: 5/5
   931 | D:1      | Found Uwicink's Magic Scroll Shop.
   952 | D:1      | Bought a scroll of fog for 26 gold pieces
  1155 | D:2      | Reached skill level 4 in Fighting
  1167 | D:2      | Reached XP level 3. HP: 18/30 MP: 6/6
  1374 | D:2      | Learned a level 2 spell: Blink
  1383 | D:2      | Learned a level 3 spell: Teleport Other
  1628 | D:2      | Shot with a sling bullet by a goblin

Illustrated notes

Levels and vault maps discovered:
D:1:      saegor_arrival_simple_e, layout_basic, serial_shops,
          nicolae_shop_statue_plus, hex_large
D:2:      layout_rooms

Skill      XL: |  1  2 |
---------------+-------+-----
Fighting       | 3 4 |  4.0
Long Blades    | 3 |  3.7
Throwing       | |  1.0
Armour         | |  1.2
Dodging        | |  2.1
Spellcasting   | |  2.1
Translocations | |  3.2

Action                   || total
-------------------------++-------
Melee: Falchion          ||    54
       Punch             ||     1
       Dagger            ||    22
Throw: Boomerang         ||     1
  Use: Scroll            ||     1
Armor: Leather armour    ||    16
Dodge: Dodged            ||    39

Table legend: (Time is in decaauts)
 A = Elapsed time spent in this place.
 B = Non-inter-level travel time spent in this place.
 C = Inter-level travel time spent in this place.
 D = Time resting spent in this place.
 E = Time spent auto-exploring this place.
 F = Levels seen in this place.
 G = Mean time per level.
                   A        B        C        D        E       F      G
               +--------+--------+--------+--------+--------+-----+--------+
         Total |   1811 |   1772 |     39 |      0 |   1526 |   2 |  905.5 |
       Dungeon |   1811 |   1772 |     39 |      0 |   1526 |   2 |  905.5 |
               +--------+--------+--------+--------+--------+-----+--------+

Top non-repeatable levels by time:
     D:1: 1304 daAuts
     D:2: 507 daAuts
